 Dungeon Crawl Stone Soup version 0.31-a0-986-g5e6e4ef867 (webtiles) character file.

Game seed: 15753097849620176850

220 lessens the Ducker (level 5, -3/47 HPs)
             Began as a Gnoll Monk on Nov 12, 2023.
             Slain by an iguana (9 damage)
             ... on level 3 of the Dungeon.
             The game lasted 00:02:57 (2722 turns).

lessens the Ducker (Gnoll Monk)                     Turns: 2722, Time: 00:02:58

Health: -3/47      AC:  5    Str: 18    XL:     5   Next: 97%
Magic:  7/7        EV: 13    Int: 10    God:
Gold:   144        SH:  0    Dex: 14    Spells: 7/7 levels left

rFire   . . .        a - +0 hand axe
rCold   . . .        d - orb {light}
rNeg    . . .        h - +0 ring mail
rPois   .            (no helmet)
rElec   .            (no cloak)
rCorr   .            (no gloves)
SInv    .            (no boots)
Will    .....        (no amulet)
Stlth   +            i - ring of flight
HPRegen 0.27/turn    n - +6 ring of strength
MPRegen 0.10/turn

%: no passive effects
@: flying, glowing
A: fangs 1, strong nose, distributed training
a: no special abilities


You were on level 3 of the Dungeon.
You visited 1 branch of the dungeon, and saw 3 of its levels.

You collected 144 gold pieces.

Inventory:

Hand Weapons
 a - a +0 hand axe (weapon)
Missiles
 f - 19 stones
 t - 3 javelins (quivered)
Armour
 b - a +0 robe
 d - an orb of light (worn)
 h - a +0 ring mail (worn)
 p - a +0 buckler
 u - a +0 helmet
Jewellery
 i - a ring of flight (left hand)
 n - a +6 ring of strength (right hand)
Wands
 r - a wand of flame (28)
Scrolls
 g - 6 scrolls of identify {unknown}
 k - a scroll of immolation {unknown}
 l - 3 scrolls of teleportation {unknown}
 m - 2 scrolls of noise {unknown}
 o - 2 scrolls of vulnerability {unknown}
 s - a scroll of amnesia {unknown}
 w - a scroll of fog {unknown}
Potions
 c - a potion of ambrosia
 e - 4 potions of curing {unknown}
 j - 5 potions of degeneration {unknown}
 q - a potion of heal wounds {unknown}
 v - a potion of invisibility {unknown}


   Skills:
 + Level 6.7 Fighting
 + Level 1.7 Short Blades
 + Level 1.7 Long Blades
 + Level 6.7 Axes
 + Level 1.7 Maces & Flails
 + Level 1.7 Polearms
 + Level 1.7 Staves
 + Level 1.7 Ranged Weapons
 + Level 1.7 Throwing
 + Level 1.7 Armour
 + Level 6.7 Dodging
 + Level 1.7 Stealth
 + Level 1.7 Shields
 + Level 1.7 Unarmed Combat
 + Level 1.7 Spellcasting
 + Level 1.3 Conjurations
 + Level 1.3 Hexes
 + Level 1.3 Summonings
 + Level 1.3 Necromancy
 + Level 1.3 Translocations
 + Level 1.3 Transmutations
 + Level 1.3 Fire Magic
 + Level 1.3 Ice Magic
 + Level 1.3 Air Magic
 + Level 1.3 Earth Magic
 + Level 1.3 Poison Magic
 + Level 2.0 Invocations
 + Level 1.7 Evocations
 + Level 1.5 Shapeshifting


You had 7 spell levels left.
You didn't know any spells.
Your spell library was empty.

Dungeon Overview and Level Annotations

Branches:
Dungeon (3/15) Zot: 15277

Altars:

Annotations:
D:3 3 runed translucent doors, Tollund's ghost, amateur GnHW


Innate Abilities, Weirdness & Mutations

You have very sharp teeth.
Your uncanny sense of smell can sniff out nearby items.
Your experience applies equally to all skills.


Message History

The iguana barely misses you.
You hit the iguana but do no damage.
The iguana is lightly wounded.
You closely miss the goblin. The goblin hits you but does no damage.
The iguana bites you!
You hit the iguana. You bite the iguana.
The iguana is moderately wounded.
You barely miss the goblin. The goblin misses you. The iguana bites you!
You are too injured to fight recklessly!
You are too injured to fight recklessly!
You are too injured to fight recklessly!
You slash the goblin!
You kill the goblin!
You barely miss the iguana.
The iguana is moderately wounded.
The iguana bites you.
* * * LOW HITPOINT WARNING * * *
Throw: 6 javelins
Press: ? - help, Q - select action, (/) - cycle Shift-Dir - straight line, f - iguana
Aim: an iguana (moderately wounded, haloed, 82% to hit)
You throw a javelin. The javelin barely misses the iguana.
The iguana closely misses you.
Throw: 5 javelins
Press: ? - help, Q - select action, (/) - cycle Shift-Dir - straight line, f/p - iguana
Aim: an iguana (moderately wounded, haloed, 82% to hit)
You throw a javelin.
The javelin pierces through the iguana but does no damage.
The iguana is moderately wounded.
The iguana bites you.
* * * LOW HITPOINT WARNING * * *
Throw: 4 javelins
Press: ? - help, Q - select action, (/) - cycle Shift-Dir - straight line, f/p - iguana
Aim: an iguana (moderately wounded, haloed, 82% to hit)
You throw a javelin.
The javelin pierces through the iguana but does no damage.
The iguana is moderately wounded.
The iguana bites you.
* * * LOW HITPOINT WARNING * * *
The iguana bites you!
You die...

. .# ######### ##.##
#.......# ..... # #.#####.#
...... #####.# #.# #......
......# #.######.......
#####.# #.....@l.....(.
#.#####.#######......
#.......# ∆..... ###.#####
#.#. #.# ############ #.#
#.)†'..##..##### #.#
#..†#.......††.#
######.#####..##..........#
#...##.....#..#####'####'##


You could see an iguana.

Vanquished Creatures
  Natasha (thrice) (D:2)
  Robin (D:3)
  A gnoll (D:1)
  4 adders
  2 worms (D:2)
  4 dart slugs
  2 orcs (D:3)
  8 bats
  6 endoplasms
  2 giant cockroaches
  9 goblins
  10 hobgoblins
  4 jackals
  3 kobolds
  3 quokkas
  7 ball pythons
  3 frilled lizards
  3 rats
75 creatures vanquished.

Notes
Turn   | Place    | Note
-------+----------+-------------------------------------------
     0 | D:1      | lessens the Gnoll Monk began the quest for the Orb.
     0 | D:1      | Reached XP level 1. HP: 23/23 MP: 1/1
   205 | D:1      | Reached XP level 2. HP: 27/29 MP: 2/2
   536 | D:1      | Reached XP level 3. HP: 35/35 MP: 3/3
   815 | D:2      | Reached skill level 1 in Invocations
   931 | D:2      | Reached skill level 1 in Short Blades
   931 | D:2      | Reached skill level 1 in Long Blades
   931 | D:2      | Reached skill level 1 in Maces & Flails
   931 | D:2      | Reached skill level 1 in Polearms
   931 | D:2      | Reached skill level 1 in Staves
   931 | D:2      | Reached skill level 1 in Ranged Weapons
   931 | D:2      | Reached skill level 1 in Throwing
   931 | D:2      | Reached skill level 1 in Armour
   931 | D:2      | Reached skill level 1 in Stealth
   931 | D:2      | Reached skill level 1 in Shields
   931 | D:2      | Reached skill level 1 in Unarmed Combat
   931 | D:2      | Reached skill level 1 in Spellcasting
   931 | D:2      | Reached skill level 1 in Evocations
  1059 | D:2      | Noticed Natasha
  1071 | D:2      | Killed Natasha
  1072 | D:2      | Reached skill level 1 in Shapeshifting
  1072 | D:2      | Reached XP level 4. HP: 17/41 MP: 5/5
  1091 | D:2      | Noticed Natasha
  1103 | D:2      | Killed Natasha
  1104 | D:2      | Reached skill level 1 in Conjurations
  1104 | D:2      | Reached skill level 1 in Hexes
  1104 | D:2      | Reached skill level 1 in Summonings
  1104 | D:2      | Reached skill level 1 in Necromancy
  1104 | D:2      | Reached skill level 1 in Translocations
  1104 | D:2      | Reached skill level 1 in Transmutations
  1104 | D:2      | Reached skill level 1 in Fire Magic
  1104 | D:2      | Reached skill level 1 in Ice Magic
  1104 | D:2      | Reached skill level 1 in Air Magic
  1104 | D:2      | Reached skill level 1 in Earth Magic
  1104 | D:2      | Reached skill level 1 in Poison Magic
  1377 | D:2      | Noticed Natasha
  1386 | D:2      | Killed Natasha
  1387 | D:2      | Reached XP level 5. HP: 38/47 MP: 5/7
  1972 | D:3      | Noticed Tollund's ghost (amateur GnHW)
  2006 | D:3      | Found a runed translucent gate.
  2006 | D:3      | Found a runed translucent gate.
  2007 | D:3      | Found a runed translucent gate.
  2175 | D:3      | Noticed Robin
  2215 | D:3      | Killed Robin
  2722 | D:3      | Slain by an iguana

Illustrated notes

Levels and vault maps discovered:
D:1:      dpeg_arrival_round_b, layout_basic
D:2:      wad_crossroads, layout_loops_ring, fountainhead,
          minmay_misc_feat_plants, uniq_natasha
D:3:      minmay_chambers_of_twos, layout_loops_ring, gammafunk_ghost_split,
          uniq_robin

Skill      XL: |  1  2  3  4  5 |
---------------+----------------+-----
Invocations    | 1 2 |  2.0
Short Blades   | 1 |  1.7
Long Blades    | 1 |  1.7
Maces & Flails | 1 |  1.7
Polearms       | 1 |  1.7
Staves         | 1 |  1.7
Ranged Weapons | 1 |  1.7
Throwing       | 1 |  1.7
Armour         | 1 |  1.7
Stealth        | 1 |  1.7
Shields        | 1 |  1.7
Unarmed Combat | 1 |  1.7
Spellcasting   | 1 |  1.7
Evocations     | 1 |  1.7
Shapeshifting  | 1 |  1.5
Conjurations   | 1 |  1.3
Hexes          | 1 |  1.3
Summonings     | 1 |  1.3
Necromancy     | 1 |  1.3
Translocations | 1 |  1.3
Transmutations | 1 |  1.3
Fire Magic     | 1 |  1.3
Ice Magic      | 1 |  1.3
Air Magic      | 1 |  1.3
Earth Magic    | 1 |  1.3
Poison Magic   | 1 |  1.3
Fighting       | |  6.7
Axes           | |  6.7
Dodging        | |  6.7

Action                     |  1- 3 |  4- 6 || total
---------------------------+-------+-------++-------
  Melee: Hand axe          |    85 |   148 ||   233
         Bite              |    12 |    23 ||    35
  Throw: Javelin           |       |     3 ||     3
 Armour: Robe              |    11 |       ||    11
         Ring mail         |    33 |    64 ||    97
  Dodge: Dodged            |    40 |    82 ||   122

Table legend: (Time is in decaauts)
 A = Elapsed time spent in this place.
 B = Non-inter-level travel time spent in this place.
 C = Inter-level travel time spent in this place.
 D = Time resting spent in this place.
 E = Time spent auto-exploring this place.
 F = Levels seen in this place.
 G = Mean time per level.
                   A        B        C        D        E       F      G
               +--------+--------+--------+--------+--------+-----+--------+
         Total |   2721 |   2626 |     95 |      4 |   2119 |   3 |  907.0 |
       Dungeon |   2721 |   2626 |     95 |      4 |   2119 |   3 |  907.0 |
               +--------+--------+--------+--------+--------+-----+--------+

Top non-repeatable levels by time:
     D:2: 1148 daAuts
     D:3: 814 daAuts
     D:1: 757 daAuts

Levels and vault maps discovered:
D:1:      dpeg_arrival_round_b, layout_basic
D:2:      wad_crossroads, layout_loops_ring, fountainhead,
          minmay_misc_feat_plants, uniq_natasha
D:3:      minmay_chambers_of_twos, layout_loops_ring, gammafunk_ghost_split,
          uniq_robin
